 Dungeon Crawl Stone Soup version 0.20.1-1-g8b1a95d (webtiles) character file.

3803 Mesmaeker13 the Geomancer (level 10, 0/63 HPs)
             Began as a Human Earth Elementalist on July 30, 2017.
             Was a Believer of Vehumet.
             Slain by a hornet (5 damage)
             ... while paralysed by a hornet
             ... on level 8 of the Dungeon.
             The game lasted 00:33:08 (12813 turns).

Mesmaeker13 the Geomancer (HuEE)                   Turns: 12813, Time: 00:33:09

Health: 0/63       AC:  6    Str:  9    XL:     10   Next: 39%
Magic:  7/17       EV:  2    Int: 19    God:    Vehumet [**....]
Gold:   476        SH:  0    Dex: 13    Spells: 4/19 levels left

rFire    . . .     SeeInvis .   F - +5 mace of the Realm of Zot {freeze, rElec}
rCold    . . .     Gourm    .   f - +2 buckler
rNeg     . . .     Faith    .   M - +3 leather armour
rPois    .         Spirit   .   (no helmet)
rElec    +         Reflect  .   (no cloak)
rCorr    .         Harm     .   (no gloves)
MR       .....                  (no boots)
Stlth    ++........             (no amulet)
Regen    0.2/turn               (no ring)
MPRegen  0.2/turn               (no ring)

@: paralysed, lethally poisoned (0 -> -7), about to teleport, very slightly
contaminated, slowed
A: no striking features
a: Renounce Religion


You were on level 8 of the Dungeon.
You worshipped Vehumet.
Vehumet was pleased with you.
You were very hungry.

You visited 2 branches of the dungeon, and saw 9 of its levels.
You also visited: Sewer.

You collected 476 gold pieces.

Inventory:

Hand Weapons
 F - the +5 mace of the Realm of Zot (weapon) {freeze, rElec}
   (You found it on level 5 of the Dungeon)

   It has been specially enchanted to freeze those struck by it, causing extra
   injury to most foes and up to half again as much damage against particularly
   susceptible opponents.
   It can also slow down cold-blooded creatures.
   It insulates you from electricity.
Missiles
 s - 4 javelins
 E - 88 stones (quivered)
Armour
 f - a +2 buckler (worn)
 M - a +3 leather armour (worn)
Wands
 c - a wand of confusion (33/48)
 i - a wand of digging (7/24)
 k - a wand of random effects (22/48)
 l - a wand of lightning (4/15)
 y - a wand of enslavement (18/24)
 H - a wand of lightning (5/15)
Scrolls
 a - 4 scrolls of amnesia
 g - a scroll of fog
 j - a scroll of immolation {unknown}
 m - 2 scrolls of blinking {unknown}
 o - 3 scrolls of recharging
 u - a scroll of acquirement {unknown}
 v - 4 scrolls of magic mapping
 w - 2 scrolls of teleportation
Potions
 b - a potion of magic {unknown}
 p - 2 potions of curing
 q - a potion of heal wounds
 r - 3 potions of might
 t - a potion of brilliance {unknown}
 x - a potion of invisibility
 z - a potion of mutation {unknown}
 A - a potion of degeneration {unknown}
 B - 3 potions of haste {unknown}
 D - a potion of lignification {unknown}
 I - a potion of berserk rage {unknown}
 J - a potion of agility
 K - a potion of cancellation {unknown}
Books
 e - a book of Geomancy

   Spells                             Type                      Level
   a - Sandblast                      Earth                        1
   b - Passwall                       Transmutation/Earth          2
   c - Stone Arrow                    Conjuration/Earth            3
   d - Petrify                        Transmutation/Earth          4
   e - Lee's Rapid Deconstruction     Earth                        5
 n - a book of Death

   Spells                             Type                      Level
   a - Corpse Rot                     Necromancy                   2
   b - Sublimation of Blood           Necromancy                   2
   c - Agony                          Necromancy                   5
   d - Dispel Undead                  Necromancy                   5
   e - Excruciating Wounds            Charms/Necromancy            5
   f - Bolt of Draining               Conjuration/Necromancy       5
 L - a book of Misfortune

   Spells                             Type                      Level
   a - Confusing Touch                Hexes                        1
   b - Confuse                        Hexes                        3
   c - Gell's Gravitas                Translocation                3
   d - Petrify                        Transmutation/Earth          4
   e - Metabolic Englaciation         Hexes/Ice                    5
   f - Yara's Violent Unravelling     Hexes/Transmutation          5
Comestibles
 d - a bread ration
 h - 4 royal jellies
 C - 3 chunks of flesh
 G - 4 fruits


   Skills:
 + Level 3.4 Armour
 - Level 6.0 Dodging
 - Level 2.0 Stealth
 - Level 4.0 Shields
 - Level 5.0 Spellcasting
 + Level 7.1 Conjurations
 - Level 1.0 Transmutations
 + Level 8.4 Earth Magic


You had 4 spell levels left.
You knew the following spells:

 Your Spells              Type           Power        Failure   Level  Hunger
a - Sandblast             Erth           #####.       1%          1    None
b - Stone Arrow           Conj/Erth      ####..       1%          3    ##.....
c - Passwall              Tmut/Erth      ###.......   3%          2    #......
d - Lee's Rapid Deconstr  Erth           #####.....   14%         5    ######.
e - Petrify               Tmut/Erth      ###.....     24%         4    ####...


Dungeon Overview and Level Annotations

Branches:
Dungeon (8/15)             Temple (1/1) D:4
   Lair: D:8-11

Altars:
Ashenzari
Dithmenos
Elyvilon
Fedhas
Gozag
Kikubaaqudgha
Okawaru
Ru
Sif Muna
Trog
Uskayaw
Vehumet
Xom
Yredelemnul
Zin

Annotations:
D:5 aimeelou's ghost, novice DrFE
D:6 Dowan; Duvessa
D:8 hilaritas's ghost, novice TrFi


Message History

Casting: Lee's Rapid Deconstruction
Confirm with . or Enter, or press ? or * to list all spells.
Aiming: Lee's Rapid Deconstruction
Press: ? - help, Dir - move target cursor The wall shatters!
The blast of rock fragments hits the hornet.
The hornet is moderately wounded.
You are feeling very hungry.
The hornet stings you!
You feel as though you will be slow longer.
You block the hornet's attack.
As you read the scroll of teleportation, it crumbles to dust.
You feel strangely unstable. The hornet stings you!
* * * LOW HITPOINT WARNING * * *
You are lethally poisoned!
You suddenly lose the ability to move!
The hornet stings you but does no damage.
* * * LOW HITPOINT WARNING * * *
You feel sick. The hornet stings you.
You die...

...........#
......(....#
......[....# ##
......(....#####.# ##
......[........##.#.#
...............#y#.#
...............##y#.#
...............##y###
................@#..#
...................##
.................###
....)............#
........<........#
.................#
##################


You could see 2 hornets.

Vanquished Creatures
  Joseph (D:7)
  Grinder (D:4)
  Sigmund (D:3)
  Menkaure (D:5)
  2 ice beasts (D:5)
  A sky beast (D:7)
  An orc warrior (D:7)
  A phantom (D:4)
  2 necrophages
  2 ogres
  3 centaurs
  A crocodile (D:7)
  A big kobold (D:7)
  5 bullfrogs
  A water moccasin zombie (D:6)
  2 scorpions
  3 wights (D:6)
  3 howler monkeys
  A crimson imp (D:5)
  A jelly (D:5)
  A hound (D:4)
  2 orc priests
  A bullfrog skeleton (D:7)
  Jessica (D:2)
  4 iguanas
  6 orc wizards
  Natasha (thrice) (D:4 D:5)
  7 worker ants
  2 hound skeletons
  A howler monkey skeleton (D:5)
  4 gnolls
  6 river rats (Sewer)
  14 adders
  A shadow imp (D:4)
  2 oozes
  An adder skeleton (D:5)
  3 adder zombies
  A worm (D:3)
  A dart slug (D:2)
  6 leopard geckos
  22 orcs
  13 ball pythons
  14 giant cockroaches
  9 goblins
  10 hobgoblins
  10 jackals
  6 quokkas
  8 bats
  9 frilled lizards
  A jackal skeleton (D:6)
  16 kobolds
  A quokka zombie (D:6)
  27 rats
247 creatures vanquished.

Notes
Turn   | Place    | Note
-------+----------+-------------------------------------------
     0 | D:1      | Mesmaeker13 the Human Earth Elementalist began the quest for the Orb.
     0 | D:1      | Reached XP level 1. HP: 13/13 MP: 3/3
   324 | D:1      | Reached XP level 2. HP: 17/19 MP: 5/5
  1247 | D:1      | Reached XP level 3. HP: 24/24 MP: 4/6
  1823 | D:2      | Noticed Jessica
  1841 | D:2      | Killed Jessica
  1841 | D:2      | Reached XP level 4. HP: 13/30 MP: 2/8
  1851 | D:2      | Reached skill level 1 in Shields
  2300 | D:2      | Found a hide-covered altar of Uskayaw.
  2375 | D:2      | Learned a level 3 spell: Stone Arrow
  2459 | D:2      | Reached XP level 5. HP: 26/35 MP: 5/9
  2695 | D:2      | Reached skill level 4 in Earth Magic
  3396 | D:3      | Noticed Sigmund
  3402 | D:3      | Killed Sigmund
  3402 | D:3      | Reached skill level 1 in Conjurations
  3402 | D:3      | Reached XP level 6. HP: 14/41 MP: 3/11
  3461 | D:3      | Found a deep blue altar of Sif Muna.
  3682 | D:3      | Found a glowing drain.
  3707 | Sewer    | Entered a sewer
  4061 | Sewer    | Reached XP level 7. HP: 46/46 MP: 8/12
  4744 | Sewer    | Reached skill level 5 in Earth Magic
  4832 | Sewer    | Learned a level 2 spell: Passwall
  5319 | D:4      | Noticed Natasha
  5321 | D:4      | Killed Natasha
  5358 | D:4      | Found a blossoming altar of Fedhas.
  5360 | D:4      | Found an ancient bone altar of Kikubaaqudgha.
  5391 | D:4      | Noticed Natasha
  5395 | D:4      | Killed Natasha
  5414 | D:4      | Reached XP level 8. HP: 43/52 MP: 2/14
  5796 | D:4      | Found a glowing silver altar of Zin.
  6603 | D:4      | Found a staircase to the Ecumenical Temple.
  6612 | Temple   | Entered the Ecumenical Temple
  6789 | Temple   | Became a worshipper of Vehumet
  6961 | D:5      | Entered Level 5 of the Dungeon
  6961 | D:5      | Noticed aimeelou's ghost (novice DrFE)
  6970 | D:4      | Learned a level 5 spell: Lee's Rapid Deconstruction
  7034 | D:5      | Found Qipy's Magic Scroll Shop.
  7034 | D:5      | Noticed Grinder
  7043 | D:4      | Paralysed by Grinder for 7 turns
  7049 | D:4      | HP: 2/52 [Grinder (3)]
  7060 | D:4      | Paralysed by Grinder for 2 turns
  7064 | D:4      | Killed Grinder
  7064 | D:4      | Reached skill level 5 in Spellcasting
  7599 | D:5      | Reached skill level 6 in Earth Magic
  7782 | D:5      | Reached XP level 9. HP: 57/57 MP: 6/16
  8158 | D:5      | Reached skill level 5 in Conjurations
  8206 | D:5      | Noticed Menkaure
  8210 | D:5      | Killed Menkaure
  8210 | D:5      | Reached skill level 5 in Dodging
  8212 | D:5      | Noticed Natasha
  8335 | D:5      | Killed Natasha
  8629 | D:5      | Got a crystal mace
  8640 | D:5      | Identified the +5 mace of the Realm of Zot {freeze, rElec} (You found it on level 5 of the Dungeon)
  9132 | D:6      | Reached * piety under Vehumet
  9132 | D:6      | Offered knowledge of Magic Dart by Vehumet.
  9173 | D:6      | Reached skill level 7 in Earth Magic
  9365 | D:6      | Noticed Duvessa
  9378 | D:6      | Learned a level 4 spell: Petrify
  9474 | D:6      | Noticed Dowan
 11280 | D:7      | Reached skill level 1 in Armour
 11341 | D:7      | Noticed Joseph
 11359 | D:7      | Killed Joseph
 11359 | D:7      | Reached XP level 10. HP: 14/63 MP: 2/17
 11811 | D:7      | Reached ** piety under Vehumet
 11811 | D:7      | Offered knowledge of Throw Flame by Vehumet.
 11928 | D:7      | Reached skill level 8 in Earth Magic
 12660 | D:8      | Found a bloodstained altar of Trog.
 12687 | D:8      | Noticed hilaritas's ghost (novice TrFi)
 12812 | D:8      | Paralysed by a hornet for 3 turns
 12813 | D:8      | Slain by a hornet

Skill      XL: |  1  2  3  4  5  6  7  8  9 10 |
---------------+-------------------------------+-----
Shields        | 1 2 3 4 |  4.0
Dodging        | 3 4 6 |  6.0
Earth Magic    | 4 5 6 7 8 |  8.4
Spellcasting   | 3 4 5 |  5.0
Conjurations   | 1 2 4 6 7 |  7.1
Armour         | 2 3 |  3.4
Stealth        | |  2.0
Transmutations | |  1.0

Action                   |  1- 3 |  4- 6 |  7- 9 | 10-12 || total
-------------------------+-------+-------+-------+-------++-------
Melee: Unarmed           |    44 |       |       |       ||    44
       Dagger            |    12 |   177 |   206 |       ||   395
       Club              |    10 |       |       |       ||    10
       Mace              |       |       |   100 |    60 ||   160
 Cast: Sandblast         |    31 |    60 |    52 |     1 ||   144
       Stone Arrow       |       |     3 |   113 |    23 ||   139
       Lee's Rapid Decon |       |       |     3 |     3 ||     6
Evoke: Wand              |       |     4 |    10 |     2 ||    16
  Use: Scroll            |     2 |     1 |    12 |     1 ||    16
       Potion            |       |       |     8 |       ||     8
 Stab: Sleeping          |     2 |     2 |       |       ||     4
       Distracted        |     1 |       |     1 |       ||     2
       Paralysed         |       |     1 |     9 |       ||    10
  Eat: Chunk             |     3 |     8 |    17 |     5 ||    33
       Meat ration       |       |       |     1 |       ||     1
       Bread ration      |       |       |     2 |       ||     2
       Royal jelly       |       |       |       |     1 ||     1
Armor: Robe              |    17 |    42 |    33 |       ||    92
       Leather armour    |       |       |     4 |    20 ||    24
Dodge: Dodged            |    57 |   151 |   238 |    39 ||   485
Block: Buckler           |       |    51 |   147 |    25 ||   223
